 Dungeon Crawl Stone Soup version 0.28-a0-657-g71136c5590 (webtiles) character file.

Game seed: 2717039741808868241

78 KristoblXynda the Slasher (level 4, 0/38 HPs)
             Began as a Draconian Gladiator on Oct 13, 2021.
             Slain by Sigmund (3 damage)
             ... on level 2 of the Dungeon.
             The game lasted 00:03:24 (2206 turns).

KristoblXynda the Slasher (Draconian Gladiator)     Turns: 2206, Time: 00:03:25

Health: 0/38       AC:  5    Str: 17    XL:     4   Next: 15%
Magic:  3/3        EV: 13    Int:  8    God:
Gold:   91         SH:  0    Dex: 13    Spells: 3/3 levels left

rFire   . . .      SeeInvis .   a - +0 long sword
rCold   + . .      Faith    .   (no shield)
rNeg    . . .      Spirit   .   (armour unavailable)
rPois   .          Reflect  .   b - +0 hat
rElec   .          Harm     .   (no cloak)
rCorr   .          Rampage  .   (no gloves)
Will    .....                   (no boots)
Stlth   +.........              (no amulet)
HPRegen 1.12/turn               e - ring of protection from cold
MPRegen 0.08/turn               (no ring)

@: hasted, very quick
A: AC +5, unfitting armour, cold-blooded, low mp 1, regeneration 1
a: no special abilities


You were on level 2 of the Dungeon.
You visited 1 branch of the dungeon, and saw 2 of its levels.

You collected 151 gold pieces.
You spent 60 gold pieces at shops.

Inventory:

Hand Weapons
 a - a +0 long sword (weapon)
Armour
 b - a +0 hat (worn)
Jewellery
 e - a ring of protection from cold (left hand)
Scrolls
 f - 2 scrolls of teleportation
 j - a scroll of amnesia {unknown}
Potions
 h - a potion of might {unknown}
 i - a potion of ambrosia {unknown}


   Skills:
 + Level 3.1 Fighting
 * Level 4.0 Long Blades
 - Level 2.0 Throwing
 + Level 3.2 Dodging


You had 3 spell levels left.
You didn't know any spells.
Your spell library contained the following spells:

 Spells                   Type           Power      Damage    Failure   Level
 Conjure Flame            Conj/Fire      0%         6-21      78%         3
 Gell's Gravitas          Tloc           0%         N/A       78%         3
 Ignite Poison            Fire/Tmut/Pois 0%         N/A       78%         3
 Lesser Beckoning         Tloc           0%         N/A       78%         3
 Teleport Other           Tloc           0%         N/A       78%         3
 Sticky Flame             Conj/Fire      0%         2d3       99%         4


Dungeon Overview and Level Annotations

Branches:
Dungeon (2/15)

Altars:

Shops:
D:1 ?

Annotations:
D:2 Sigmund


Innate Abilities, Weirdness & Mutations

Your plain brown scales are hard. (AC +5)
You cannot fit into any form of body armour.
You are cold-blooded and may be slowed by cold attacks.
Your magical capacity is low. (-10% MP)
Your natural rate of healing is unusually fast.


Message History

You hit Sigmund but do no damage.
Sigmund is severely wounded.
Sigmund struggles against the net.
You hit Sigmund.
You tail-slap Sigmund, but do no damage.
Sigmund is almost dead.
Sigmund points at you and mumbles some strange words.
You resist with some effort.
Sigmund struggles against the net.
The net rips apart, and Sigmund comes free!
You hit Sigmund.
Sigmund is almost dead.
Sigmund gestures at you while chanting. The magic dart hits you!
You hit Sigmund.
Sigmund is almost dead.
Sigmund barely misses you.
You closely miss Sigmund.
Sigmund is almost dead.
You closely miss Sigmund.
You tail-slap Sigmund, but do no damage.
Sigmund is almost dead.
Sigmund casts a spell.
Sigmund flickers and vanishes!
Deactivating autopickup; reactivate with Ctrl-A.
You hear some strange, mumbled words.
A magic dart appears from out of thin air!
The magic dart hits you.
You barely miss something.
Your tail-slap misses something.
Something hits you!
* * * LOW HITPOINT WARNING * * *
It was a potion of mutation.
You feel extremely strange.
You begin to heal more quickly.
You feel less energetic.
Unknown command.
Throw: throwing net
Press: ? - help, Q - select action Shift-Dir - straight line You throw a throwing net.
Something hits you.
* * * LOW HITPOINT WARNING * * *
Unknown command.
It was a potion of haste.
You feel yourself speed up. Something hits you.
You die...

......###...<#.##.#.#)#<####.##.#
.........(.........>#.#########.#
......##...###.#..#.............#
......##..........#.#..##########
......##..........#.#...#
...#.÷##.........####..##
####..##.........# #....#
##.##.......{.# ♣PP♣P♣
...#..<###'#@# ♣.PP♣♣ ...#####
#.#.# ♣♣.♣ ...# #.#.# .♣♣ .....
..#.# ♣♣ ..#.# ...#.# ...#.#
....#.# #.#


There were no monsters in sight!

Vanquished Creatures
  Natasha (D:2)
  2 adders (D:2)
  2 ball pythons
  2 endoplasms
  A giant cockroach (D:1)
  5 goblins
  3 hobgoblins
  4 jackals (D:1)
  6 bats
  2 frilled lizards (D:1)
  4 kobolds
  3 rats
35 creatures vanquished.

Notes
Turn   | Place    | Note
-------+----------+-------------------------------------------
     0 | D:1      | KristoblXynda the Draconian Gladiator began the quest for
                  | the Orb.
     0 | D:1      | Reached XP level 1. HP: 17/17 MP: 1/1
   162 | D:1      | Reached XP level 2. HP: 24/25 MP: 2/2
   393 | D:1      | Found Jafary's Magic Scroll Shoppe.
   406 | D:1      | Bought a scroll of identify for 24 gold pieces
   406 | D:1      | Bought a scroll of teleportation for 36 gold pieces
  1030 | D:2      | Reached XP level 3. HP: 28/30 MP: 3/3
  1203 | D:2      | Noticed Sigmund
  1204 | D:2      | Noticed Natasha
  1434 | D:2      | Killed Natasha
  1838 | D:2      | Reached skill level 4 in Long Blades
  1838 | D:2      | Reached XP level 4. HP: 15/38 MP: 4/4
  2204 | D:2      | Gained mutation: Your natural rate of healing is unusually
                  | fast. [potion of mutation]
  2204 | D:2      | Gained mutation: Your magical capacity is low. (-10% MP)
                  | [potion of mutation]
  2205 | D:2      | HP: 1/38 [something (5)]
  2206 | D:2      | Slain by Sigmund

Illustrated notes

Levels and vault maps discovered:
D:1:      minmay_arrival_stair_chambers, layout_rooms, serial_shops,
          shop_scrolls, nrook_campfire, chequers_avenue
D:2:      layout_basic, basic_ecumenical_altar, uniq_crazy_yiuf_cottage,
          uniq_robin, uniq_sigmund, uniq_natasha

Skill      XL: |  1  2  3 |
---------------+----------+-----
Throwing       | 2 |  2.0
Dodging        | 3 |  3.2
Fighting       | 3 |  3.1
Long Blades    | 4 |  4.0

Action                   |  1- 3 |  4- 6 || total
-------------------------+-------+-------++-------
Melee: Long sword        |   108 |    19 ||   127
       Tailslap          |    11 |     3 ||    14
Throw: Throwing net      |     1 |     3 ||     4
  Use: Scroll            |     2 |       ||     2
       Potion            |       |     2 ||     2
Armor: Skin              |    50 |       ||    50
Dodge: Dodged            |   127 |     3 ||   130

Table legend: (Time is in decaauts)
 A = Elapsed time spent in this place.
 B = Non-inter-level travel time spent in this place.
 C = Inter-level travel time spent in this place.
 D = Time resting spent in this place.
 E = Time spent auto-exploring this place.
 F = Levels seen in this place.
 G = Mean time per level.
                   A        B        C        D        E       F      G
               +--------+--------+--------+--------+--------+-----+--------+
         Total |   2236 |   2179 |     57 |   1021 |    784 |   2 | 1118.0 |
       Dungeon |   2236 |   2179 |     57 |   1021 |    784 |   2 | 1118.0 |
               +--------+--------+--------+--------+--------+-----+--------+

Top non-repeatable levels by time:
     D:2: 1133 daAuts
     D:1: 1103 daAuts
